[Event "Early-Titled-Tuesday-Blitz-February-13-2024"]
[Site "Chess.com"]
[Date "2024.02.13"]
[Round "1"]
[White "JEIGOTH"]
[Black "Bykov_Egor"]
[Result "0-1"]
[WhiteElo "2159"]
[BlackElo "2585"]
[TimeControl "180+1"]
[EndTime "8:02:14 PST"]
[Termination "Bykov_Egor won by resignation"]

1. d4 Nf6 2. Nf3 g6 3. e3 Bg7 4. c3 d6 5. Bd3 Nbd7 6. Nbd2 e5 7. O-O O-O 8. Qe2 Re8 9. e4 Nh5 10. dxe5 Nf4 11. Qe3 Bh6 12. Qd4 dxe5 13. Qc4 Nb6 0-1

[Event "Early-Titled-Tuesday-Blitz-February-13-2024"]
[Site "Chess.com"]
[Date "2024.02.13"]
[Round "1"]
[White "Ariadna_Atreides"]
[Black "guillembaches"]
[Result "0-1"]
[WhiteElo "2156"]
[BlackElo "2581"]
[TimeControl "180+1"]
[EndTime "8:02:22 PST"]
[Termination "guillembaches won by resignation"]

1. d4 d5 2. Nf3 e6 3. e3 Nf6 4. Bd3 c5 5. b3 Nc6 6. O-O b6 7. Bb2 g6 8. dxc5 bxc5 9. c4 Bg7 10. cxd5 exd5 11. Qc2 Qe7 12. Rc1 Nb4 13. Bb5+ Bd7 14. Bc4 Nxc2 0-1

[Event "Early-Titled-Tuesday-Blitz-February-13-2024"]
[Site "Chess.com"]
[Date "2024.02.13"]
[Round "1"]
[White "aghasiyevkamal"]
[Black "kiwibobo"]
[Result "1-0"]
[WhiteElo "2632"]
[BlackElo "2284"]
[TimeControl "180+1"]
[EndTime "8:02:29 PST"]
[Termination "aghasiyevkamal won by resignation"]

1. d4 Nf6 2. c4 g6 3. Nc3 d5 4.
cxd5 Nxd5 5. e4 Nxc3 6. bxc3 Bg7 7. Bc4 c5 8. Ne2 Nc6 9. Be3 O-O 10. O-O cxd4 11.
cxd4 b6 12. Rc1 Bb7 13. Bd5 Rc8 14. Qa4 Qd6 15. Rfd1 e6 16. Bf4 Qd8 17. Bxc6 Bxc6 18. Rxc6 Rxc6 19. Qxc6 e5 20. Be3 exd4 21. Bxd4 Re8 22. f3 Qg5 23. Qxe8+ 1-0

[Event "Early-Titled-Tuesday-Blitz-February-13-2024"]
[Site "Chess.com"]
[Date "2024.02.13"]
[Round "1"]
[White "Suleyman_Chess06"]
[Black "Ryanmito"]
[Result "1-0"]
[WhiteElo "2760"]
[BlackElo "2424"]
[TimeControl "180+1"]
[EndTime "8:02:30 PST"]
[Termination "Suleyman_Chess06 won by resignation"]

1. Nf3 Nf6 2. g3 g6 3. Bg2 Bg7 4. O-O O-O 5. d4 d6 6. c4 Nc6 7.
Nc3 Bf5 8. Nh4 Bd7 9. f4 e5 10.
fxe5 dxe5 11. d5 Na5 12. Qd3 Qe7 13. Bg5 h6 14. d6 Qe6 15. Bxf6 Bxf6 16. Bd5 Qxd6 17.
Ne4 1-0

[Event "Early-Titled-Tuesday-Blitz-February-13-2024"]
[Site "Chess.com"]
[Date "2024.02.13"]
[Round "1"]
[White "SkinnyPuppy8"]
[Black "WilsonPalencia21"]
[Result "1/2-1/2"]
[WhiteElo "2240"]
[BlackElo "2597"]
[TimeControl "180+1"]
[EndTime "8:02:37 PST"]
[Termination "Game drawn by repetition"]

1. e4 c5 2. Nf3 d6 3. c3 Nf6 4. Be2 Nc6 5. d4 cxd4 6. cxd4 d5 7. e5 Ne4 8. Nc3 Nxc3 9. bxc3 e6 10. O-O Be7 11.
Bd3 Na5 12. Qe2 Bd7 13. Bd2 Rc8 14. Rab1 b6 15. g3 h6 16. h4 Nc4 17. Bc1 Qc7 18.
Nh2 Na5 19. Bd2 Nc4 20. Bc1 Na3 21. Rb3 Nc4 22. Rb1 1/2-1/2

[Event "Early-Titled-Tuesday-Blitz-February-13-2024"]
[Site "Chess.com"]
[Date "2024.02.13"]
[Round "1"]
[White "Andrej2004"]
[Black "Alblooshi_Hamad"]
[Result "1-0"]
[WhiteElo "2602"]
[BlackElo "2221"]
[TimeControl "180+1"]
[EndTime "8:02:40 PST"]
[Termination "Andrej2004 won by checkmate"]

1. Nf3 Nf6 2. b3 c5 3. Bb2 Nc6 4. c4 b6 5. g3 Bb7 6. Bg2 g6 7. O-O Bg7 8. Nc3 O-O 9. e3 d6 10. d4 cxd4 11. exd4 e6 12. Qd2 Rc8 13. Rfe1 a6 14.
d5 exd5 15. Nxd5 Nxd5 16. Bxg7 Kxg7 17. Qxd5 Qf6 18. Rad1 Rfd8 19. Ng5 Ba8 20. Ne4 Qb2 21. Nxd6 Qxa2 22. Qxf7+ Kh8 23. Qf6+ Kg8 24. Bd5# 1-0

[Event "Early-Titled-Tuesday-Blitz-February-13-2024"]
[Site "Chess.com"]
[Date "2024.02.13"]
[Round "1"]
[White "Ati1517"]
[Black "PabloZarnicki"]
[Result "0-1"]
[WhiteElo "2255"]
[BlackElo "2616"]
[TimeControl "180+1"]
[EndTime "8:02:48 PST"]
[Termination "PabloZarnicki won by resignation"]

1. e4 e6 2. d4 d5 3. Nd2 Nc6 4. c3 e5 5. Ngf3 exd4 6. cxd4 Bg4 7. Bb5 dxe4 8. Nxe4 Qd5 9. Nc3 Bb4 10. Qb3 Qxb5 0-1

[Event "Early-Titled-Tuesday-Blitz-February-13-2024"]
[Site "Chess.com"]
[Date "2024.02.13"]
[Round "1"]
[White "kunaevchess"]
[Black "Korona_91"]
[Result "0-1"]
[WhiteElo "2349"]
[BlackElo "2676"]
[TimeControl "180+1"]
[EndTime "8:02:53 PST"]
[Termination "Korona_91 won by resignation"]

1. d4 Nf6 2. Nf3 g6 3. Nc3 Bg7 4. e4 d6 5. Bf4 c6 6. Qd2 O-O 7. Bh6 d5 8. Bxg7 Kxg7 9. Bd3 dxe4 10. Nxe4 Nxe4 11. Bxe4 Nd7 12. h4 Nf6 13. Bd3 Bg4 14.
Be2 Bxf3 15. Bxf3 h5 16. O-O-O Qd6 17. Qg5 Rad8 18. c3 Rh8 19. Rhe1 e6 20. Qe5 Qxe5 21. Rxe5 Rd6 22. Rde1 Rhd8 0-1

[Event "Early-Titled-Tuesday-Blitz-February-13-2024"]
[Site "Chess.com"]
[Date "2024.02.13"]
[Round "1"]
[White "BardArtem"]
[Black "Schachmalanders"]
[Result "1-0"]
[WhiteElo "2789"]
[BlackElo "2438"]
[TimeControl "180+1"]
[EndTime "8:02:54 PST"]
[Termination "BardArtem won by resignation"]

1. e4 e6 2. d4 d5 3. Nc3 dxe4 4. Nxe4 Nd7 5. g3 Ngf6 6. Nxf6+ Nxf6 7. Bg2 c5 8. Nf3 cxd4 9. Qxd4 Qxd4 10. Nxd4 Bc5 11. Nb3 Bb6 12. a4 O-O 13. a5 Bc7 14. Be3 Nd5 15. Bc5 Rd8 16. c4 Nf6 17. a6 Rb8 18. Bxa7 bxa6 19. Bxb8 Bxb8 20. Rd1 Bd7 21. Nc5 Ba7 22. Nxd7 Rxd7 23. Rxd7 Nxd7 24. Ke2 Kf8 25. Ra1 Nc5 26. b4 Nb3 27. Rxa6 Nd4+ 28. Kd3 1-0

[Event "Early-Titled-Tuesday-Blitz-February-13-2024"]
[Site "Chess.com"]
[Date "2024.02.13"]
[Round "1"]
[White "inagreV"]
[Black "cyrdap"]
[Result "1-0"]
[WhiteElo "2339"]
[BlackElo "2640"]
[TimeControl "180+1"]
[EndTime "8:02:57 PST"]
[Termination "inagreV won by resignation"]

1. e4 d6 2. d4 Nf6 3. Nc3 e5 4. dxe5 dxe5 5. Qxd8+ Kxd8 6. Bc4 Be6 7. Bxe6 fxe6 8. f3 Bd6 9. Be3 Nbd7 10. Nh3 Ke7 11. Nf2 a6 12. Nd3 b5 13. a4 b4 14. Nb1 c5 15.
Nd2 Rhc8 16. Nc4 Rab8 17. a5 Rc6 18. Ke2 Bc7 19. Rhd1 Rb5 20. b3 h6 21. Bf2 Ne8 22.
Bg3 Nd6 23. Ncxe5 Nxe5 24. Nxe5 1-0

[Event "Early-Titled-Tuesday-Blitz-February-13-2024"]
[Site "Chess.com"]
[Date "2024.02.13"]
[Round "1"]
[White "Irishchessman16"]
[Black "vladislavkovalev"]
[Result "1-0"]
[WhiteElo "2505"]
[BlackElo "2862"]
[TimeControl "180+1"]
[EndTime "8:03:02 PST"]
[Termination "Irishchessman16 won by resignation"]

1. d4 Nf6 2. Nf3 d5 3. c4 e6 4. Nc3 dxc4 5. e3 a6 6. a4 b6 7. Bxc4 Bb7 8. O-O Nbd7 9. Qe2 Bd6 10. e4 e5 11. Bxf7+ Kxf7 12. Ng5+ Ke7 13. f4 1-0

[Event "Early-Titled-Tuesday-Blitz-February-13-2024"]
[Site "Chess.com"]
[Date "2024.02.13"]
[Round "1"]
[White "bascheyaro"]
[Black "ploxoi"]
[Result "1-0"]
[WhiteElo "2785"]
[BlackElo "2435"]
[TimeControl "180+1"]
[EndTime "8:03:08 PST"]
[Termination "bascheyaro won by resignation"]

1. d4 d5 2. Nf3 e6 3. c4 c6 4. Nc3 dxc4 5. Bf4 b5 6. a4 Bb4 7. e3 Bb7 8. g3 Nf6 9. Bg2 O-O 10. O-O a6 11. Ne5 Qc8 12. h4 Nbd7 13. h5 Nd5 14. Ne4 N7f6 15. h6 Nxe4 16. hxg7 Rd8 17.
Bxe4 Nf6 18. Bc2 Be7 19. Bg5 c5 20. Bxf6 Bxf6 21. Qh5 Bxg7 22. Bxh7+ 1-0

[Event "Early-Titled-Tuesday-Blitz-February-13-2024"]
[Site "Chess.com"]
[Date "2024.02.13"]
[Round "1"]
[White "HanSchut"]
[Black "hakanazeri2"]
[Result "1-0"]
[WhiteElo "2268"]
[BlackElo "2598"]
[TimeControl "180+1"]
[EndTime "8:03:09 PST"]
[Termination "HanSchut won by resignation"]

1. e4 c5 2. Nf3 d6 3. d4 cxd4 4. Nxd4 e6 5. c4 a6 6. Nc3 Qc7 7. Be3 Nf6 8. Rc1 Be7 9. Be2 b6 10. O-O Bb7 11. f3 O-O 12. Qd2 Rc8 13. Rfd1 Qd8 14.
Bf1 Nc6 15. Qf2 Ne5 16. b3 Nfd7 17. h3 Bh4 18. g3 Be7 19. f4 Nc6 20. Bg2 Nc5 21.
b4 Nxd4 1-0

[Event "Early-Titled-Tuesday-Blitz-February-13-2024"]
[Site "Chess.com"]
[Date "2024.02.13"]
[Round "1"]
[White "biostatistician"]
[Black "InadaC"]
[Result "1-0"]
[WhiteElo "2582"]
[BlackElo "2156"]
[TimeControl "180+1"]
[EndTime "8:03:17 PST"]
[Termination "biostatistician won by resignation"]

1. d4 Nf6 2. Nf3 e6 3. c4 d5 4.
Nc3 Bb4 5. e3 O-O 6. a3 Be7 7.
b4 b6 8. Bb2 Bb7 9. c5 Nc6 10.
Bd3 Re8 11. O-O a5 12. b5 Na7 13. c6 Bc8 14. a4 Bd6 15. Ne5 h6 16. f4 Nh7 17. Qh5 Qe7 18. Rf3 Nf6 19. Qh4 Bxe5 20.
fxe5 Nh7 21. Qh5 Ng5 22. Rg3 Rf8 23. h4 Nh7 24. Ba3 Qd8 25. Qxh6 1-0

[Event "Early-Titled-Tuesday-Blitz-February-13-2024"]
[Site "Chess.com"]
[Date "2024.02.13"]
[Round "1"]
[White "AlmasRakhmatullaev"]
[Black "Mistango"]
[Result "1-0"]
[WhiteElo "2873"]
[BlackElo "2489"]
[TimeControl "180+1"]
[EndTime "8:03:19 PST"]
[Termination "AlmasRakhmatullaev won by resignation"]

1. e4 c5 2. Nf3 d6 3. d4 cxd4 4. Qxd4 Nc6 5. Bb5 Bd7 6. Bxc6 Bxc6 7. Nc3 e5 8. Qd3 h6 9. O-O Nf6 10. b3 Be7 11. Ba3 Qd7 12. Rad1 Rd8 13. Nd2 b5 14. Rfe1 O-O 15. Nf1 a5 16. Nd5 b4 17.
Bb2 Nxd5 18. exd5 Bb5 1-0

[Event "Early-Titled-Tuesday-Blitz-February-13-2024"]
[Site "Chess.com"]
[Date "2024.02.13"]
[Round "1"]
[White "IwkooO"]
[Black "Witty_Alien"]
[Result "1-0"]
[WhiteElo "2649"]
[BlackElo "2304"]
[TimeControl "180+1"]
[EndTime "8:03:22 PST"]
[Termination "IwkooO won by resignation"]

1. e4 c5 2. Nf3 d6 3. d4 cxd4 4. Qxd4 a6 5. c4 Nc6 6. Qe3 Nf6 7. Nc3 g6 8. Be2 Bg7 9. O-O O-O 10. Rd1 Qa5 11. a3 Bg4 12. Bd2 Qh5 13. h3 Bxh3 14. gxh3 Qxh3 15. Nh2 Qe6 16. Bf1 h5 17. Nd5 Qxe4 18.
Nxf6+ 1-0

[Event "Early-Titled-Tuesday-Blitz-February-13-2024"]
[Site "Chess.com"]
[Date "2024.02.13"]
[Round "1"]
[White "VinzentSpitzl"]
[Black "Polish_fighter3000"]
[Result "0-1"]
[WhiteElo "2539"]
[BlackElo "3055"]
[TimeControl "180+1"]
[EndTime "8:03:26 PST"]
[Termination "Polish_fighter3000 won by resignation"]

1. e4 e5 2. Nf3 Nc6 3. Bb5 a6 4.
Ba4 Nf6 5. O-O b5 6. Bb3 Bc5 7. c3 d6 8. a4 Bg4 9. h3 Bh5 10. g4 Bg6 11. d3 Rb8 12. Bg5 h6 13. Bh4 h5 14. Nbd2 hxg4 15. hxg4 Qd7 16. d4 Qxg4+ 17.
Bg3 Nxe4 18. Nxe4 Bxe4 19. Nh2 Qh3 0-1

[Event "Early-Titled-Tuesday-Blitz-February-13-2024"]
[Site "Chess.com"]
[Date "2024.02.13"]
[Round "1"]
[White "Gennady_Kozlov"]
[Black "carloseduar100"]
[Result "1-0"]
[WhiteElo "2669"]
[BlackElo "2344"]
[TimeControl "180+1"]
[EndTime "8:03:30 PST"]
[Termination "Gennady_Kozlov won by resignation"]

1. b3 Nf6 2. Bb2 g6 3. e3 Bg7 4.
f4 d6 5. Nf3 c5 6. Be2 Nc6 7.
O-O a6 8. a4 Bg4 9. Na3 Nh5 10.
Bxg7 Nxg7 11. h3 Bxf3 12. Bxf3 Qd7 13. Nc4 Nf5 14. Nb6 Qd8 15. Nxa8 Qxa8 16. g4 Nh4 17. Bxc6+ bxc6 18. Qe1 g5 19. fxg5 Ng6 20. Qf2 O-O 21. h4 f6 22. gxf6 Rxf6 23. Qg3 Qf8 24. Rxf6 Qxf6 25. Rf1 Qxh4 26. Qxh4 Nxh4 27. Kh2 Ng6 28. Kg3 a5 29. d4 cxd4 30. exd4 Kg7 31. b4 axb4 32.
a5 Nf8 33. Rxf8 Kxf8 34. a6 c5 35. dxc5 dxc5 36. a7 1-0

[Event "Early-Titled-Tuesday-Blitz-February-13-2024"]
[Site "Chess.com"]
[Date "2024.02.13"]
[Round "1"]
[White "DanielDardha2005"]
[Black "maicolbenavides"]
[Result "1-0"]
[WhiteElo "2900"]
[BlackElo "2495"]
[TimeControl "180+1"]
[EndTime "8:03:37 PST"]
[Termination "DanielDardha2005 won by resignation"]

1. d4 Nf6 2. Bg5 Ne4 3. h4 c5 4. dxc5 Qa5+ 5. Nd2 Nxd2 6. Qxd2 Qxc5 7. O-O-O Nc6 8. e4 d6 9. Be3 Qa5 10. Qxa5 Nxa5 11.
h5 h6 12. Nh3 Bd7 13. Nf4 Nc6 14. Nd5 O-O-O 15. f3 e6 16. Nc3 a6 17. Na4 b5 18.
Nb6+ Kb7 19. Nxd7 Rxd7 20. Be2 Be7 21. f4 e5 22. g3 Rc8 23. Bg4 Rdc7 24. Bxc8+ Rxc8 25.
a3 Na5 26. Kb1 Nc4 27. Bc1 exf4 28. gxf4 Bf6 29. b3 1-0

[Event "Early-Titled-Tuesday-Blitz-February-13-2024"]
[Site "Chess.com"]
[Date "2024.02.13"]
[Round "1"]
[White "Amirreza_p"]
[Black "ljuks68"]
[Result "1-0"]
[WhiteElo "2743"]
[BlackElo "2412"]
[TimeControl "180+1"]
[EndTime "8:03:39 PST"]
[Termination "Amirreza_p won by resignation"]

1. e4 e6 2. d4 d5 3. exd5 exd5 4.
Bd3 Nf6 5. Nf3 c5 6. O-O Nc6 7. Re1+ Be7 8. dxc5 O-O 9. Nc3 Bxc5 10. Bg5 Be6 11. Qd2 Be7 12. Ne5 Nd7 13. Bxe7 Qxe7 14. Nxd5 Qd8 15. Nxc6 bxc6 16. Nf4 Bd5 17. c4 1-0

[Event "Early-Titled-Tuesday-Blitz-February-13-2024"]
[Site "Chess.com"]
[Date "2024.02.13"]
[Round "1"]
[White "RandomNoob04"]
[Black "Vigg-Sama"]
[Result "1-0"]
[WhiteElo "2616"]
[BlackElo "2254"]
[TimeControl "180+1"]
[EndTime "8:03:42 PST"]
[Termination "RandomNoob04 won by resignation"]

1. e4 e5 2. d4 exd4 3. Qxd4 Nc6 4. Qe3 Nf6 5. e5 Ng4 6. Qe4 d5 7. exd6+ Be6 8. Ba6 Rb8 9. Bxb7 Nce5 10. Bc6+ Nxc6 11. Qxc6+ Bd7 12. Qxc7 1-0

[Event "Early-Titled-Tuesday-Blitz-February-13-2024"]
[Site "Chess.com"]
[Date "2024.02.13"]
[Round "1"]
[White "jero888"]
[Black "traviscottofficial"]
[Result "0-1"]
[WhiteElo "2326"]
[BlackElo "2661"]
[TimeControl "180+1"]
[EndTime "8:03:48 PST"]
[Termination "traviscottofficial won by resignation"]

1. e4 c6 2. d4 d5 3. Nc3 dxe4 4. Nxe4 Nf6 5. Nxf6+ exf6 6. c3 Bd6 7. Bd3 O-O 8.
Qc2 h6 9. Ne2 Re8 10. Be3 Nd7 11.
O-O-O Nf8 12. h4 Bg4 13. Rde1 Qc7 14. h5 Re7 15. Rh4 Bd7 16. Rhh1 Rae8 17. g3 Ne6 18. Qd2 Ng5 19. Ng1 Ne4 20. Qc2 Nxg3 21. fxg3 Rxe3 22.
Rxe3 Rxe3 23. Ne2 Bg4 24. Nf4 Rxg3 0-1

[Event "Early-Titled-Tuesday-Blitz-February-13-2024"]
[Site "Chess.com"]
[Date "2024.02.13"]
[Round "1"]
[White "Stewie_89"]
[Black "rcmz"]
[Result "1-0"]
[WhiteElo "2592"]
[BlackElo "2190"]
[TimeControl "180+1"]
[EndTime "8:04:01 PST"]
[Termination "Stewie_89 won by resignation"]

1. e4 a6 2. d4 b5 3. Bd3 Bb7 4. Nf3 e6 5. a4 b4 6. Bf4 c5 7. Nbd2 d6 8. dxc5 dxc5 9. a5 Nd7 10. Nc4 Ngf6 11. Qe2 Be7 12. Nd6+ Bxd6 13. Bxd6 Qc8 14. e5 Nd5 15. O-O Nf4 16. Qe3 Nxd3 17.
cxd3 Qc6 18. Rfc1 Rc8 19. Qg5 Qxd6 20. exd6 O-O 21. Qe7 Rcd8 22. d4 Bxf3 23. gxf3 Rfe8 24. Qh4 cxd4 25. Qxd4 Rb8 26. Rc7 Nf6 27. d7 Red8 28. Rac1 Kf8 29. Qd6+ Kg8 30. Rc8 1-0

[Event "Early-Titled-Tuesday-Blitz-February-13-2024"]
[Site "Chess.com"]
[Date "2024.02.13"]
[Round "1"]
[White "jocmil"]
[Black "Ron_Weasley_Chess"]
[Result "1-0"]
[WhiteElo "2753"]
[BlackElo "2421"]
[TimeControl "180+1"]
[EndTime "8:04:02 PST"]
[Termination "jocmil won by resignation"]

1. e4 c6 2. b3 d5 3. Bb2 dxe4 4. Nc3 Nf6 5. f3 e5 6. Qe2 Bd6 7.
O-O-O exf3 8. Nxf3 O-O 9. Ne4 Nxe4 10. Qxe4 Nd7 11. h4 Nc5 12. Qe3 Bf5 13. d4 exd4 14. Qxd4 Ne6 15. Qxd6 Qa5 16. Qe5 1-0

[Event "Early-Titled-Tuesday-Blitz-February-13-2024"]
[Site "Chess.com"]
[Date "2024.02.13"]
[Round "1"]
[White "VomDingJetztHer"]
[Black "Zhigalko_Sergei"]
[Result "0-1"]
[WhiteElo "2519"]
[BlackElo "2962"]
[TimeControl "180+1"]
[EndTime "8:04:05 PST"]
[Termination "Zhigalko_Sergei won by resignation"]

1. e4 c5 2. Nf3 Nc6 3. Bb5 Nf6 4.
d3 Qa5+ 5. Nc3 Nd4 6. Bc4 b5 7. Nxd4 cxd4 8. Bd2 bxc4 9. Nd5 c3 10. bxc3 Nxd5 11. exd5 dxc3 12. Be3 Qxd5 13. O-O e6 14. Qg4 h5 15. Qa4 Bb7 16. f3 Bc6 17. Qf4 Bd6 18.
Qh4 O-O 19. Rae1 Rfb8 20. Bd4 Rb4 21. Re4 Rxd4 0-1

[Event "Early-Titled-Tuesday-Blitz-February-13-2024"]
[Site "Chess.com"]
[Date "2024.02.13"]
[Round "1"]
[White "DonkyDonkyDonkey"]
[Black "ErikRonka"]
[Result "1-0"]
[WhiteElo "2953"]
[BlackElo "2513"]
[TimeControl "180+1"]
[EndTime "8:04:05 PST"]
[Termination "DonkyDonkyDonkey won by resignation"]

1. d4 d5 2. Nc3 Nf6 3. Bf4 c5 4.
e3 cxd4 5. exd4 Nc6 6. Nb5 Bg4 7. f3 Bf5 8. Nc7+ Kd7 9. Nxa8 Qxa8 10. c3 e6 11. Bd3 Bg6 12. Ne2 Bd6 13. O-O Qb8 14. Bg3 Bxg3 15. Nxg3 Qd6 16. Qd2 Rb8 17. f4 Bxd3 18.
Qxd3 g6 19. f5 gxf5 20. Nxf5 exf5 21. Qxf5+ Ke7 22. Rae1+ Ne4 23. Qxf7+ Kd8 24. Qxh7 Ne7 25. c4 Ng5 26. Rf8+ Kd7 27. Qxe7+ 1-0

[Event "Early-Titled-Tuesday-Blitz-February-13-2024"]
[Site "Chess.com"]
[Date "2024.02.13"]
[Round "1"]
[White "disciplinedbrat"]
[Black "yosephtaher"]
[Result "0-1"]
[WhiteElo "2504"]
[BlackElo "2914"]
[TimeControl "180+1"]
[EndTime "8:04:05 PST"]
[Termination "yosephtaher won by checkmate"]

1. e4 c5 2. Nf3 g6 3. c3 Nf6 4.
e5 Nd5 5. d4 cxd4 6. cxd4 Bg7 7. Bc4 Nb6 8. Bb3 O-O 9. O-O d6 10. Nc3 Bg4 11. Re1 Nc6 12. exd6 Qxd6 13. d5 Ne5 14.
Ne4 Bxf3 15. gxf3 Qd8 16. f4 Ned7 17. Qf3 a5 18. a3 a4 19. Ba2 Nf6 20. Nxf6+ Bxf6 21. Be3 Ra5 22. Rad1 Rb5 23. f5 Rxb2 24. Re2 Rxe2 25.
Qxe2 Qd6 26. Qb5 Nd7 27. fxg6 hxg6 28. Qxb7 Ne5 29. Qb6 Nf3+ 30. Kg2 Qxh2+ 31. Kxf3 Qh5+ 32. Kg2 Qxd1 33. Qb4 Kg7 34. Bc4 Rh8 35. Bf1 Qh5 36.
Bd3 Qh1+ 37. Kg3 Qh3+ 38. Kf4 Rh4# 0-1

[Event "Early-Titled-Tuesday-Blitz-February-13-2024"]
[Site "Chess.com"]
[Date "2024.02.13"]
[Round "1"]
[White "GulamaliRises"]
[Black "Iuckyducky"]
[Result "1-0"]
[WhiteElo "2626"]
[BlackElo "2268"]
[TimeControl "180+1"]
[EndTime "8:04:10 PST"]
[Termination "GulamaliRises won by resignation"]

1. e4 c5 2. Nf3 d6 3. d4 cxd4 4. Qxd4 Nc6 5. Bb5 Bd7 6. Bxc6 Bxc6 7. Nc3 Nf6 8. Bg5 e5 9. Qd3 Be7 10. O-O-O Qa5 11. Nd2 Rd8 12. Nc4 Qc5 13. Be3 Qb4 14.
a3 Bxe4 15. Nxe4 1-0

[Event "Early-Titled-Tuesday-Blitz-February-13-2024"]
[Site "Chess.com"]
[Date "2024.02.13"]
[Round "1"]
[White "kushagramohan"]
[Black "MalyDominator"]
[Result "1-0"]
[WhiteElo "2861"]
[BlackElo "2478"]
[TimeControl "180+1"]
[EndTime "8:04:11 PST"]
[Termination "kushagramohan won by resignation"]

1. e4 c5 2. Nf3 d6 3. d4 cxd4 4. Nxd4 Nf6 5. Nc3 Nc6 6. Bg5 e6 7. Qd2 a6 8. O-O-O Bd7 9. f4 b5 10. Kb1 Nxd4 11. Qxd4 Be7 12. e5 dxe5 13. fxe5 Nd5 14.
Nxd5 Bxg5 15. Nb6 Ra7 16. Nc4 Rc7 17. Nd6+ Kf8 18. Bd3 Bc6 19. Rhf1 Bxg2 20. Rf2 Bd5 21.
Rdf1 f6 22. h4 Bh6 23. exf6 g6 24. Qb4 a5 25. Qxb5 Qxd6 26. Qb8+ 1-0

[Event "Early-Titled-Tuesday-Blitz-February-13-2024"]
[Site "Chess.com"]
[Date "2024.02.13"]
[Round "1"]
[White "esrosenberg"]
[Black "Agibileg"]
[Result "0-1"]
[WhiteElo "2412"]
[BlackElo "2745"]
[TimeControl "180+1"]
[EndTime "8:04:13 PST"]
[Termination "Agibileg won by resignation"]

1. Nf3 Nf6 2. c4 c5 3. Nc3 g6 4. g3 Bg7 5. Bg2 O-O 6. O-O Nc6 7. d4 cxd4 8. Nxd4 Qa5 9. Nb3 Qb4 10. c5 b6 11. cxb6 axb6 12. a3 Qg4 13. h3 Qh5 14. e3 Qe5 15. Nd5 Nxd5 16. Qxd5 Qc7 17. Rb1 Bb7 18. Bd2 Na5 19. Qb5 Bxg2 20. Kxg2 Nc4 21. Bc3 Bxc3 22. bxc3 Nxa3 23. Qg5 Nxb1 24. Rxb1 Qc6+ 25.
Kh2 Ra2 0-1

[Event "Early-Titled-Tuesday-Blitz-February-13-2024"]
[Site "Chess.com"]
[Date "2024.02.13"]
[Round "1"]
[White "rezamahdavi2008"]
[Black "Lion_DL"]
[Result "1-0"]
[WhiteElo "2833"]
[BlackElo "2464"]
[TimeControl "180+1"]
[EndTime "8:04:14 PST"]
[Termination "rezamahdavi2008 won by resignation"]

1. e4 c5 2. Nf3 e6 3. d4 cxd4 4. Nxd4 a6 5. c4 Nf6 6. Nc3 Qc7 7. a3 b6 8. Bd3 Bb7 9. O-O d6 10. Re1 Nbd7 11. Nd5 exd5 12. exd5+ Kd8 13. Bf4 Ne5 14. Rc1 Nxd3 15. Qxd3 g6 16. Bg5 Be7 17. Qf3 Ng8 18.
Qxf7 Bc8 19. Qf8+ 1-0

[Event "Early-Titled-Tuesday-Blitz-February-13-2024"]
[Site "Chess.com"]
[Date "2024.02.13"]
[Round "1"]
[White "nicolasbatista3"]
[Black "AttackSparrow"]
[Result "0-1"]
[WhiteElo "2266"]
[BlackElo "2626"]
[TimeControl "180+1"]
[EndTime "8:04:18 PST"]
[Termination "AttackSparrow won by resignation"]

1. d4 d5 2. c4 e6 3. Nc3 Nf6 4.
Bg5 Bb4 5. e3 O-O 6. Nf3 h6 7. Bh4 Nbd7 8. cxd5 exd5 9. Bd3 c6 10.
Qc2 Re8 11. O-O-O Qa5 12. g4 Bxc3 13. bxc3 Ne4 14. Bxe4 dxe4 15. Nd2 Nb6 16. g5 hxg5 17.
Bg3 Be6 18. Kb1 Na4 19. Rc1 Nxc3+ 20. Ka1 Nxa2 21. Qc5 Qxd2 22. Rc2 Qb4 23. Qxg5 Nc3 0-1

[Event "Early-Titled-Tuesday-Blitz-February-13-2024"]
[Site "Chess.com"]
[Date "2024.02.13"]
[Round "1"]
[White "TigrVShlyape"]
[Black "RantomOpening"]
[Result "1-0"]
[WhiteElo "2868"]
[BlackElo "2485"]
[TimeControl "180+1"]
[EndTime "8:04:21 PST"]
[Termination "TigrVShlyape won by resignation"]

1. e4 c5 2. Nf3 e6 3. d4 cxd4 4. Nxd4 Nf6 5. Nc3 Nc6 6. Ndb5 Bc5 7. Bf4 O-O 8. Bc7 Qe7 9. Bd6 Bxd6 10. Qxd6 Qd8 11.
O-O-O a6 12. Nd4 Ne7 13. h4 b5 14. a3 Ne8 15. Qh2 d6 16. h5 e5 17. h6 g6 18. Nb3 Be6 19. f4 Bxb3 20. cxb3 Qb6 21. fxe5 dxe5 22. Qxe5 Nc6 23. Qg3 Nd4 24. Kb1 Ne6 25.
Nd5 Qb8 26. Qc3 Qb7 27. Be2 Nd6 28. Nf6+ Kh8 29. Rxd6 Rac8 30. Qe5 1-0

[Event "Early-Titled-Tuesday-Blitz-February-13-2024"]
[Site "Chess.com"]
[Date "2024.02.13"]
[Round "1"]
[White "Arystanner"]
[Black "brunomorado"]
[Result "1-0"]
[WhiteElo "2815"]
[BlackElo "2449"]
[TimeControl "180+1"]
[EndTime "8:04:21 PST"]
[Termination "Arystanner won by resignation"]

1. c4 c6 2. e4 e5 3. Nf3 Nf6 4. Nxe5 d6 5. Nf3 Nxe4 6. Nc3 d5 7. Qe2 Qe7 8. cxd5 Nxc3 9. Qxe7+ Bxe7 10. dxc3 cxd5 11. Be3 Nc6 12. O-O-O Bg4 13. Rxd5 Bxf3 14. gxf3 O-O 15. Rd7 1-0

[Event "Early-Titled-Tuesday-Blitz-February-13-2024"]
[Site "Chess.com"]
[Date "2024.02.13"]
[Round "1"]
[White "ChessLover0108"]
[Black "zubridis"]
[Result "1-0"]
[WhiteElo "2999"]
[BlackElo "2534"]
[TimeControl "180+1"]
[EndTime "8:04:26 PST"]
[Termination "ChessLover0108 won by checkmate"]

1. d4 e6 2. c4 b6 3. e4 Bb4+ 4. Bd2 Bxd2+ 5. Qxd2 Ne7 6. Nc3 d6 7. f4 O-O 8. Nf3 Bb7 9. Bd3 Nd7 10. O-O-O e5 11.
dxe5 dxe5 12. Bc2 Nc5 13. Qf2 Qe8 14. Nxe5 Nc6 15. Nxc6 Bxc6 16. e5 Qe6 17. Nd5 Rac8 18. f5 Qh6+ 19. Kb1 Rfe8 20. Rhe1 Bd7 21. f6 c6 22.
Ne7+ Rxe7 23. fxe7 Qe6 24. Qh4 Re8 25. Qxh7# 1-0

[Event "Early-Titled-Tuesday-Blitz-February-13-2024"]
[Site "Chess.com"]
[Date "2024.02.13"]
[Round "1"]
[White "Dewarfd"]
[Black "Dinosaurio_1975"]
[Result "0-1"]
[WhiteElo "2161"]
[BlackElo "2582"]
[TimeControl "180+1"]
[EndTime "8:04:30 PST"]
[Termination "Dinosaurio_1975 won by resignation"]

1. d4 d5 2. e3 Nf6 3. Nf3 Bf5 4. c4 e6 5. Bd3 c6 6. O-O Bd6 7. b3 O-O 8. Bxf5 exf5 9. Ba3 Ne4 10. cxd5 cxd5 11. Bxd6 Qxd6 12. Ne5 Nd7 13. Nxd7 Qxd7 14. Qd3 Rac8 15. Na3 Rc3 16. Qb5 Qc6 17. Qxc6 Rxc6 18. f3 Nd6 19. Rac1 Rfc8 20. Rxc6 Rxc6 21. Kf2 Ra6 22.
Rc1 Rxa3 23. e4 fxe4 24. fxe4 Nxe4+ 25. Ke3 g6 26. Rc7 b6 27. Rd7 Nf6 28. h3 Nxd7 0-1